| TOP OF THE 1ST |
|
Manchester Fisher Cats batting - Pitching for Pawtucket Paw Sox : RHP Kevin McCoy
|
|
Pitching: RHP Kevin McCoy
|
|
|
Batting: LHB Carlos Cabassa
|
0-0: Ball 1-0: Called Strike 1-1: Ball 2-1: Foul Ball, location: 2F 2-2: Foul Ball, location: 2F 2-2: Ground out 4-3 (Groundball, 4, EV 87.5 MPH)
|
|
Batting: LHB Tim Derryberry
|
0-0: Ball 1-0: Called Strike 1-1: Ball 2-1: Swinging Strike 2-2: Foul Ball, location: 2F 2-2: Single, Error in OF, E8, batter to second base (Line Drive, 78M, EV 103.1 MPH)
|
|
Batting: LHB Jessie Reid
|
0-0: Ball 1-0: Ball 2-0: Called Strike 2-1: Fly out, F7 (Line Drive, 7, EV 93.1 MPH)
|
|
Batting: RHB Joe Citari
|
0-0: Ball 1-0: Called Strike 1-1: Swinging Strike 1-2: Ball 2-2: Ball 3-2: Foul Ball, location: 2F 3-2: Base on Balls
|
|
Batting: LHB Steve Hammond
|
0-0: Called Strike 0-1: Ball 1-1: Called Strike 1-2: Fly out, F8 (Line Drive, 8RM, EV 92.5 MPH)
|
| Top of the 1st over - 0 runs, 1 hit, 1 error, 2 left on base; Manchester 0 - Pawtucket 0 |
| BOTTOM OF THE 1ST |
|
Pawtucket Paw Sox batting - Pitching for Manchester Fisher Cats : RHP Allen Morlock
|
|
Pitching: RHP Allen Morlock
|
|
|
Batting: LHB Steven Garcia
|
0-0: Swinging Strike 0-1: Swinging Strike 0-2: Ball 1-2: SINGLE (Groundball, 4M, EV 106.9 MPH) (infield hit)
|
|
Batting: RHB Robert Duran
|
0-0: Ball 1-0: Fielders Choice at 2nd, 5-4 (Groundball, 56, EV 84.4 MPH)
|
|
Batting: LHB Jeff Stone
|
0-0: Called Strike 0-1: Swinging Strike 0-2: Hit by Pitch Robert Duran to second
|
|
Pinch Runner at 1st Gary Weiss:
|
|
|
Batting: RHB Dave Malpeso
|
0-0: Ball 1-0: SINGLE (Groundball, 6M, EV 95.0 MPH) Robert Duran to third Gary Weiss to second Runner from 3rd tries for Home, SAFE, throw by CF to home
|
|
Batting: RHB Brick Smith
|
0-0: Ball 1-0: Ball Gary Weiss steals 3rd base 2-0: Foul Ball, location: 2F 2-1: Called Strike 2-2: Strikes out swinging
|
|
Batting: LHB David Wiggins
|
0-0: Ball 1-0: Called Strike 1-1: Ball 2-1: Called Strike 2-2: Strikes out swinging
|
| Bottom of the 1st over - 1 run, 2 hits, 0 errors, 2 left on base; Manchester 0 - Pawtucket 1 |
| TOP OF THE 2ND |
|
Manchester Fisher Cats batting - Pitching for Pawtucket Paw Sox : RHP Kevin McCoy
|
|
Now in RF: Joseph Baciotti
|
|
|
Batting: SHB Danny Hernandez
|
0-0: Foul Ball, location: 2F 0-1: Called Strike 0-2: Foul Ball, location: 2F 0-2: Ground out U3 (Groundball, 34S, EV 83.1 MPH)
|
|
Batting: RHB Kevin Darst
|
0-0: Called Strike 0-1: SINGLE (Flyball, 34D, EV 84.4 MPH)
|
|
Batting: RHB Buddy Pryor
|
0-0: SINGLE (Groundball, 4D, EV 97.5 MPH) Kevin Darst to second Runner from 2nd tries for 3rd, SAFE, no throw by CF
|
|
Batting: RHB Reymundo Estevez
|
0-0: Ball 1-0: Swinging Strike 1-1: Ball 2-1: Fly out, F3 (Popup, 3SF, EV 77.5 MPH)
|
|
Batting: LHB Carlos Cabassa
|
0-0: Ball 1-0: Called Strike 1-1: Foul Ball, location: 2F 1-2: Strikes out swinging
|
| Top of the 2nd over - 0 runs, 2 hits, 0 errors, 2 left on base; Manchester 0 - Pawtucket 1 |
| BOTTOM OF THE 2ND |
|
Pawtucket Paw Sox batting - Pitching for Manchester Fisher Cats : RHP Allen Morlock
|
|
Batting: RHB Shooty Babitt
|
0-0: Ball 1-0: SINGLE (Line Drive, 6MD, EV 96.3 MPH)
|
|
Batting: RHB Gary Hargis
|
0-0: Ball 1-0: Ball 2-0: Called Strike 2-1: Foul Ball, location: 2F 2-2: SINGLE (Popup, 5D, EV 79.4 MPH) Shooty Babitt to second
|
|
Batting: RHB Lenny Faedo
|
0-0: Foul Ball, location: 2F 0-1: Fielders Choice at 2nd, 3-6 (Groundball, 34S, EV 81.3 MPH) Shooty Babitt to third
|
|
Batting: LHB Steven Garcia
|
0-0: Ball 1-0: Ball Passed Ball! Shooty Babitt scores Lenny Faedo to second 2-0: Called Strike 2-1: SINGLE (Flyball, 8RS, EV 88.8 MPH) Lenny Faedo to third
|
|
Batting: RHB Robert Duran
|
0-0: Ball 1-0: Foul Ball, location: 2F 1-1: Ball 2-1: Grounds into double play, 6-4-3 (Groundball, 6, EV 83.8 MPH)
|
| Bottom of the 2nd over - 1 run, 3 hits, 0 errors, 1 left on base; Manchester 0 - Pawtucket 2 |
| TOP OF THE 3RD |
|
Manchester Fisher Cats batting - Pitching for Pawtucket Paw Sox : RHP Kevin McCoy
|
|
Batting: LHB Tim Derryberry
|
0-0: Ball 1-0: Called Strike 1-1: Ball 2-1: Ball 3-1: Swinging Strike 3-2: Strikes out looking
|
|
Batting: LHB Jessie Reid
|
0-0: Called Strike 0-1: Ball 1-1: Ball 2-1: Foul Ball, location: 2F 2-2: Ground out U3 (Groundball, 3L, EV 110.6 MPH)
|
|
Batting: RHB Joe Citari
|
0-0: Called Strike 0-1: Fly out, F8 (Flyball, 8RS, EV 76.3 MPH)
|
| Top of the 3rd over - 0 runs, 0 hits, 0 errors, 0 left on base; Manchester 0 - Pawtucket 2 |
| BOTTOM OF THE 3RD |
|
Pawtucket Paw Sox batting - Pitching for Manchester Fisher Cats : RHP Allen Morlock
|
|
Batting: RHB Joseph Baciotti
|
0-0: Swinging Strike 0-1: SINGLE (Groundball, 56D, EV 110.0 MPH)
|
|
Batting: RHB Dave Malpeso
|
0-0: SINGLE (Line Drive, 78M, EV 103.1 MPH) Joseph Baciotti to second
|
|
Batting: RHB Brick Smith
|
0-0: Called Strike 0-1: Swinging Strike 0-2: Ball 1-2: Ball 2-2: Ball 3-2: Base on Balls Joseph Baciotti to third Dave Malpeso to second
|
|
Batting: LHB David Wiggins
|
0-0: Grounds into double play, 6-4-3 (Groundball, 6, EV 94.4 MPH) Joseph Baciotti scores Dave Malpeso to third
|
|
Batting: RHB Shooty Babitt
|
0-0: Ball 1-0: Called Strike 1-1: Swinging Strike 1-2: Ball 2-2: Fly out, F9 (Flyball, 89S, EV 86.9 MPH)
|
| Bottom of the 3rd over - 1 run, 2 hits, 0 errors, 1 left on base; Manchester 0 - Pawtucket 3 |
| TOP OF THE 4TH |
|
Manchester Fisher Cats batting - Pitching for Pawtucket Paw Sox : RHP Kevin McCoy
|
|
Batting: LHB Steve Hammond
|
0-0: Ball 1-0: Called Strike 1-1: Called Strike 1-2: Foul Ball, location: 2F 1-2: Ball 2-2: Ball 3-2: DOUBLE (Line Drive, 78M, EV 107.5 MPH)
|
|
Batting: SHB Danny Hernandez
|
0-0: Called Strike 0-1: Called Strike 0-2: SINGLE (Line Drive, 7S, EV 90.6 MPH) Steve Hammond to third Runner from 3rd tries for Home, SAFE, throw by LF to home Danny Hernandez to second
|
|
Batting: RHB Kevin Darst
|
0-0: Ball 1-0: Fly out, F8 (Flyball, 78S, EV 81.3 MPH)
|
|
Batting: RHB Buddy Pryor
|
0-0: Called Strike 0-1: Foul Ball, location: 2F 0-2: Ball 1-2: Ball 2-2: Ball 3-2: Fly out, F9 (Flyball, 89S, EV 88.8 MPH)
|
|
Batting: RHB Reymundo Estevez
|
0-0: Called Strike 0-1: Foul Ball, location: 2F 0-2: Foul Ball, location: 2F 0-2: Ball 1-2: Foul Ball, location: 2F 1-2: Foul Ball, location: 2F 1-2: SINGLE (Line Drive, 8LS, EV 89.4 MPH) Danny Hernandez to third Runner from 3rd tries for Home, SAFE, throw by CF to home Reymundo Estevez to second
|
|
Batting: LHB Carlos Cabassa
|
0-0: Ball 1-0: Foul Ball, location: 2F 1-1: Ground out 5-3 (Groundball, 56S, EV 65.0 MPH)
|
| Top of the 4th over - 2 runs, 3 hits, 0 errors, 1 left on base; Manchester 2 - Pawtucket 3 |
| BOTTOM OF THE 4TH |
|
Pawtucket Paw Sox batting - Pitching for Manchester Fisher Cats : RHP Allen Morlock
|
|
Pitching: RHP Keith Creel
|
|
|
Batting: RHB Gary Hargis
|
0-0: Ball 1-0: Bunt for hit to 2R - play at first, batter OUT! 2-3
|
|
Batting: RHB Lenny Faedo
|
0-0: Ball 1-0: Foul Ball, location: 2F 1-1: Ball 2-1: Foul Ball, location: 2F 2-2: Ground out U3 (Groundball, 3, EV 88.1 MPH)
|
|
Batting: LHB Steven Garcia
|
0-0: Ball 1-0: DOUBLE (Line Drive, 7D, EV 93.8 MPH)
|
|
Batting: RHB Robert Duran
|
0-0: Foul Ball, location: 2F 0-1: Foul Ball, location: 2F 0-2: Foul Ball, location: 2F 0-2: Ball 1-2: Strikes out swinging
|
| Bottom of the 4th over - 0 runs, 1 hit, 0 errors, 1 left on base; Manchester 2 - Pawtucket 3 |
| TOP OF THE 5TH |
|
Manchester Fisher Cats batting - Pitching for Pawtucket Paw Sox : RHP Kevin McCoy
|
|
Batting: LHB Tim Derryberry
|
0-0: Ground out 1-3 (Groundball, 13S, EV 75.0 MPH)
|
|
Batting: LHB Jessie Reid
|
0-0: Foul Ball, location: 2F 0-1: Called Strike 0-2: Foul Ball, location: 2F 0-2: Ball 1-2: Ball 2-2: SOLO HOME RUN (Flyball, 89XD, EV 96.9 MPH), Distance : 394 ft
|
|
Batting: RHB Joe Citari
|
0-0: Ball 1-0: Foul Ball, location: 2F 1-1: Foul Ball, location: 2F 1-2: Ball 2-2: Fly out, F9 (Flyball, 9LM, EV 90.6 MPH)
|
|
Batting: LHB Steve Hammond
|
0-0: Ball 1-0: Fly out, F9 (Flyball, 89D, EV 86.9 MPH)
|
| Top of the 5th over - 1 run, 1 hit, 0 errors, 0 left on base; Manchester 3 - Pawtucket 3 |
| BOTTOM OF THE 5TH |
|
Pawtucket Paw Sox batting - Pitching for Manchester Fisher Cats : RHP Keith Creel
|
|
Batting: RHB Joseph Baciotti
|
0-0: Called Strike 0-1: Ball 1-1: Ball 2-1: Foul Ball, location: 2F 2-2: Strikes out swinging
|
|
Batting: RHB Dave Malpeso
|
0-0: DOUBLE (Line Drive, 8LD, EV 95.6 MPH)
|
|
Batting: RHB Brick Smith
|
0-0: Ball 1-0: Ball 2-0: SINGLE (Flyball, 78S, EV 83.8 MPH) Dave Malpeso to third
|
|
Batting: LHB David Wiggins
|
0-0: Ball 1-0: Ball 2-0: Grounds into double play, 4-6-3 (Groundball, 34, EV 106.9 MPH)
|
| Bottom of the 5th over - 0 runs, 2 hits, 0 errors, 1 left on base; Manchester 3 - Pawtucket 3 |
| TOP OF THE 6TH |
|
Manchester Fisher Cats batting - Pitching for Pawtucket Paw Sox : RHP Kevin McCoy
|
|
Batting: SHB Danny Hernandez
|
0-0: Ball 1-0: Ball 2-0: Ball 3-0: Called Strike 3-1: Called Strike 3-2: Base on Balls
|
|
Batting: RHB Kevin Darst
|
0-0: Ball 1-0: SINGLE (Groundball, 34D, EV 93.8 MPH) Danny Hernandez to second Runner from 2nd tries for 3rd, SAFE, throw by RF made to third Kevin Darst to second
|
|
Batting: RHB Buddy Pryor
|
0-0: Fly out, F9 (Flyball, 9LS, EV 91.3 MPH)
|
|
Batting: RHB Reymundo Estevez
|
0-0: Fly out, F9 (Flyball, 9S, EV 83.1 MPH)
|
|
Batting: LHB Carlos Cabassa
|
0-0: Ball 1-0: Foul Ball, location: 2F 1-1: Called Strike 1-2: Ball 2-2: Foul Ball, location: 2F 2-2: Ball 3-2: Fly out, F9 (Flyball, 9, EV 95.6 MPH)
|
| Top of the 6th over - 0 runs, 1 hit, 0 errors, 2 left on base; Manchester 3 - Pawtucket 3 |
| BOTTOM OF THE 6TH |
|
Pawtucket Paw Sox batting - Pitching for Manchester Fisher Cats : RHP Keith Creel
|
|
Batting: RHB Shooty Babitt
|
0-0: Ball 1-0: Fly out, F8 (Flyball, 89D, EV 90.0 MPH)
|
|
Batting: RHB Gary Hargis
|
0-0: Ball 1-0: Swinging Strike 1-1: Ground out 4-3 (Groundball, 4, EV 83.1 MPH)
|
|
Batting: RHB Lenny Faedo
|
0-0: Ball 1-0: Ground out 6-3 (Groundball, 6, EV 93.1 MPH)
|
| Bottom of the 6th over - 0 runs, 0 hits, 0 errors, 0 left on base; Manchester 3 - Pawtucket 3 |
| TOP OF THE 7TH |
|
Manchester Fisher Cats batting - Pitching for Pawtucket Paw Sox : RHP Kevin McCoy
|
|
Batting: LHB Tim Derryberry
|
0-0: SINGLE (Line Drive, 34D, EV 109.4 MPH)
|
|
Batting: LHB Jessie Reid
|
0-0: Fly out, F8 (Line Drive, 8LD, EV 85.0 MPH)
|
|
Batting: RHB Joe Citari
|
0-0: Called Strike 0-1: Called Strike 0-2: SINGLE (Line Drive, 4D, EV 96.9 MPH) Tim Derryberry to second
|
|
Batting: LHB Steve Hammond
|
0-0: Called Strike 0-1: Ball 1-1: Ball 2-1: Fielders Choice at 2nd, 4-6 (Groundball, 4, EV 83.8 MPH) Tim Derryberry to third
|
|
Batting: SHB Danny Hernandez
|
0-0: SINGLE (Groundball, 56S, EV 62.5 MPH) (infield hit) Tim Derryberry scores Steve Hammond to second
|
|
Batting: RHB Kevin Darst
|
0-0: Fielders Choice at 2nd, U6 (Groundball, 6M, EV 81.3 MPH)
|
| Top of the 7th over - 1 run, 3 hits, 0 errors, 2 left on base; Manchester 4 - Pawtucket 3 |
| BOTTOM OF THE 7TH |
|
Pawtucket Paw Sox batting - Pitching for Manchester Fisher Cats : RHP Keith Creel
|
|
Batting: LHB Steven Garcia
|
0-0: Fly out, F4 (Popup, 4, EV 78.8 MPH)
|
|
Batting: RHB Robert Duran
|
0-0: Ball 1-0: Ball 2-0: Swinging Strike 2-1: Foul Ball, location: 2F 2-2: Ball 3-2: SINGLE (Line Drive, 8RM, EV 106.9 MPH)
|
|
Batting: RHB Joseph Baciotti
|
0-0: Ball 1-0: Ball Robert Duran steals 2nd base 2-0: Called Strike 2-1: Foul Ball, location: 2F 2-2: Fly out, F4 (Line Drive, 4, EV 75.6 MPH)
|
|
Batting: RHB Dave Malpeso
|
0-0: Called Strike 0-1: Called Strike 0-2: Ball 1-2: Foul Ball, location: 2F 1-2: Ball 2-2: Foul Ball, location: 2F 2-2: Foul Ball, location: 2F 2-2: Strikes out swinging
|
| Bottom of the 7th over - 0 runs, 1 hit, 0 errors, 1 left on base; Manchester 4 - Pawtucket 3 |
| TOP OF THE 8TH |
|
Manchester Fisher Cats batting - Pitching for Pawtucket Paw Sox : RHP Kevin McCoy
|
|
Batting: RHB Buddy Pryor
|
0-0: Called Strike 0-1: Ball 1-1: Fly out, F2 (Popup, 23F, EV 87.5 MPH)
|
|
Batting: RHB Reymundo Estevez
|
0-0: Called Strike 0-1: Foul Ball, location: 2F 0-2: Foul Ball, location: 2F 0-2: Ball 1-2: Ball 2-2: Foul Ball, location: 2F 2-2: SINGLE (Groundball, 6MD, EV 99.4 MPH)
|
|
Batting: LHB Carlos Cabassa
|
0-0: Ball 1-0: Ball 2-0: Called Strike 2-1: Foul Ball, location: 2F 2-2: Foul Ball, location: 2F 2-2: SINGLE (Flyball, 34D, EV 90.0 MPH) Reymundo Estevez to second Reymundo Estevez to third
|
|
Pitching: RHP Joe Thomas
|
|
|
Batting: LHB Tim Derryberry
|
0-0: Ball 1-0: Ball 2-0: Grounds into double play, 4-6-3 (Groundball, 4, EV 105.0 MPH)
|
| Top of the 8th over - 0 runs, 2 hits, 0 errors, 1 left on base; Manchester 4 - Pawtucket 3 |
| BOTTOM OF THE 8TH |
|
Pawtucket Paw Sox batting - Pitching for Manchester Fisher Cats : RHP Keith Creel
|
|
Now at 3B: Randy Johnson
|
|
|
Now in CF: Paul Croft
|
|
|
Batting: RHB Brick Smith
|
0-0: Ball 1-0: Foul Ball, location: 2F 1-1: Called Strike 1-2: Ground out 6-3 (Groundball, 56, EV 85.0 MPH)
|
|
Batting: LHB David Wiggins
|
0-0: Ball 1-0: Ground out 4-3 (Groundball, 34D, EV 85.0 MPH)
|
|
Batting: RHB Shooty Babitt
|
0-0: Foul Ball, location: 2F 0-1: Ball 1-1: Ground out 4-3 (Groundball, 4M, EV 76.9 MPH)
|
| Bottom of the 8th over - 0 runs, 0 hits, 0 errors, 0 left on base; Manchester 4 - Pawtucket 3 |
| TOP OF THE 9TH |
|
Manchester Fisher Cats batting - Pitching for Pawtucket Paw Sox : RHP Joe Thomas
|
|
Batting: LHB Jessie Reid
|
0-0: Called Strike 0-1: Foul Ball, location: 2F 0-2: Ball 1-2: Ground out 4-3 (Groundball, 4, EV 101.3 MPH)
|
|
Batting: RHB Joe Citari
|
0-0: Ball 1-0: Ball 2-0: Swinging Strike 2-1: Fly out, F9 (Flyball, 89D, EV 95.6 MPH)
|
|
Batting: LHB Steve Hammond
|
0-0: Called Strike 0-1: Foul Ball, location: 2F 0-2: Ball 1-2: Ball 2-2: Ground out 5-3 (Groundball, 5, EV 83.1 MPH)
|
| Top of the 9th over - 0 runs, 0 hits, 0 errors, 0 left on base; Manchester 4 - Pawtucket 3 |
| BOTTOM OF THE 9TH |
|
Pawtucket Paw Sox batting - Pitching for Manchester Fisher Cats : RHP Keith Creel
|
|
Pitching: RHP Chris Davis
|
|
|
Now in LF: Mike Ciampa
|
|
|
Now in RF: Mel Hall
|
|
|
Pinch Hitting: LHB Steven Blackman
|
0-0: Called Strike 0-1: Ball 1-1: Foul Ball, location: 2F 1-2: Ball 2-2: Fly out, F7 (Line Drive, 7, EV 105.6 MPH)
|
|
Pinch Hitting: LHB Doc Brummer
|
0-0: Foul Ball, location: 2F 0-1: Ball 1-1: Ball 2-1: Ball 3-1: Base on Balls
|
|
Batting: LHB Steven Garcia
|
0-0: Fielders Choice at 2nd, 3-6 (Groundball, 3, EV 86.3 MPH)
|
|
Batting: RHB Robert Duran
|
0-0: Ball 1-0: Ball 2-0: Foul Ball, location: 2F 2-1: Foul Ball, location: 2F 2-2: Ball 3-2: Foul Ball, location: 2F 3-2: Fly out, F9 (Flyball, 89M, EV 88.1 MPH)
|
| Bottom of the 9th over - 0 runs, 0 hits, 0 errors, 1 left on base; Manchester 4 - Pawtucket 3 |
|